 Dungeon Crawl Stone Soup version 0.27-a0-732-ga892ba84f6 (webtiles) character file.

Game seed: 11081139747321102824

102 Zeldarian the Ducker (level 4, 0/34 HPs)
             Began as a Djinni Transmuter on Mar 23, 2021.
             Slain by an orc wizard
             ... wielding a +2 dagger of venom
              (5 damage)
             ... on level 3 of the Dungeon.
             The game lasted 00:06:11 (2871 turns).

Zeldarian the Ducker (Djinni Transmuter)            Turns: 2871, Time: 00:06:11

Health: 0/34       AC:  2    Str: 10    XL:     4   Next: 77%
Magic:  0/0        EV: 21    Int: 15    God:
Gold:   21         SH:  0    Dex: 18    Spells: 0/8 levels left

rFire    + . .     SeeInvis .     - Unarmed
rCold    . . .     Faith    .   (shield currently unavailable)
rNeg     . . .     Spirit   .   (armour currently unavailable)
rPois    ∞         Reflect  .   (helmet currently unavailable)
rElec    .         Harm     .   (cloak currently unavailable)
rCorr    .         Rampage  .   (gloves currently unavailable)
Will     .....                  (boots unavailable)
Stlth    ++........             (no amulet)
HPRegen  0.11/turn              d - ring of protection from fire
MPRegen  0.00/turn              (no ring)

@: spider-form, flying
A: venomous fangs, flying, tiny, (fire resistance 2), (cold vulnerability 1),
float, innate caster, hp casting, extra vitality 1
a: End Transformation


You were on level 3 of the Dungeon.
You were a venomous arachnid creature.
You visited 1 branch of the dungeon, and saw 3 of its levels.

You collected 21 gold pieces.

Inventory:

Armour
 a - a +0 robe (melded)
Jewellery
 d - a ring of protection from fire (right front leg)
Scrolls
 b - a scroll of vulnerability {unknown}
 f - 3 scrolls of identify {unknown}
 g - a scroll of teleportation {unknown}
 h - a scroll of random uselessness {unknown}
Potions
 c - a potion of curing
 e - a potion of heal wounds {unknown}


   Skills:
 * Level 2.5 Fighting
 * Level 3.4 Dodging
 - Level 3.0 Unarmed Combat
 * Level 2.7 Spellcasting


You couldn't memorise any spells.
You knew the following spells:

 Your Spells              Type           Power      Damage    Failure   Level
a - Beastly Appendage     Tmut           20%        N/A       19%         1
b - Wereblood             Tmut           10%        N/A       24%         2
c - Spider Form           Tmut/Pois      5%         N/A       41%         3
d - Ice Form              Ice/Tmut       10%        N/A       75%         4
e - Blade Hands           Tmut           5%         N/A       96%         5
f - Apportation           Tloc           20%        N/A       19%         1
Your spell library was empty.

Dungeon Overview and Level Annotations

Branches:
Dungeon (2/15)

Altars:
Gozag


Innate Abilities, Weirdness & Mutations

You are a venomous arachnid creature.
You have poisonous fangs.
You are tiny and dextrous.
You are flying.
Your spellcasting is less reliable in this form.
Your armour is entirely melded.
You are incapable of wielding weapons or throwing items.
You are immune to poison.
((Your flesh is very heat resistant. (rF++)))
((You are vulnerable to cold. (rC-)))
You float through the air rather than walking.
You learn spells naturally, not from books.
Your magical power is your life essence.
You have superior vitality. (+4 HP)


Message History

The orc priest looks as sick as possible!
The orc priest is heavily wounded.
The orc priest closely misses you.
You hit the orc priest but do no damage.
The orc priest looks as sick as possible!
The orc priest is severely wounded.
The orc priest misses you.
You hit the orc priest.
The orc priest looks as sick as possible!
The orc priest is almost dead.
You kill the orc priest!
You hit the rat.
You kill the rat!
No target in view!
Something hits you.
Items here: )))) [[ †††.
No target in view!
You miss something. Something barely misses you.
You miss something.
Your transformation has ended.
Your +0 robe unmelds from your body.
Something hits you.
You hit something. Something hits you!
* * * LOW HITPOINT WARNING * * *
You miss something.
You hear some strange, mumbled words.
A puff of flame appears from out of thin air!
The puff of flame misses you.
You hit something.
Unknown command.
Casting: Spider Form (quite dangerous; 21% risk of failure)
Confirm with . or Enter, or press ? or * to list all spells.
The spell is quite dangerous to cast (21% risk of failure)!
Continue anyway?
You turn into a venomous arachnid creature.
Your +0 robe melds into your body.
* * * LOW HITPOINT WARNING * * *
Something hits you.
* * * LOW HITPOINT WARNING * * *
Unknown command.
You hit something. Something hits you.
You die...

###### #....# #....#
#######....#######
.................#
#######....#####s#
............# #)#
##.#.#####..# #.# ..
#.....#..# ...
#.##.###.#.## .....
#..#................
#.#.###...##........
#...# ##.##........#
##..# ####........#


There were no monsters in sight!

Vanquished Creatures
  2 orc priests (D:3)
  A worm (D:2)
  A dart slug (D:1)
  2 orcs (D:3)
  4 bats (D:1)
  A giant cockroach (D:1)
  A goblin (D:2)
  3 hobgoblins
  5 oozes
  2 ball pythons (D:1)
  11 frilled lizards
  3 kobolds (D:1)
  A rat (D:3)
37 creatures vanquished.

Notes
Turn   | Place    | Note
-------+----------+-------------------------------------------
     0 | D:1      | Zeldarian the Djinni Transmuter began the quest for the
                  | Orb.
     0 | D:1      | Reached XP level 1. HP: 17/17 MP: 0/0
   897 | D:1      | Reached XP level 2. HP: 20/22 MP: 0/0
  1360 | D:1      | HP: 1/23 [frilled lizard (3)]
  1375 | D:1      | Reached XP level 3. HP: 11/28 MP: 0/0
  1375 | D:1      | Learned a level 1 spell: Apportation
  2810 | D:2      | Found an opulent altar of Gozag.
  2810 | D:2      | You are sucked into a shaft and drop 1 floor!
  2857 | D:3      | Reached XP level 4. HP: 24/34 MP: 0/0
  2871 | D:3      | Slain by an orc wizard

Illustrated notes

Levels and vault maps discovered:
D:1:      grunt_arrival_crossed_arrows, layout_rooms, minmay_lizard_pond
D:2:      layout_basic, marbit_many_paths, serial_shops, shop, uniq_natasha
D:3:      minmay_chambers_of_threes, layout_basic

Skill      XL: |  1  2  3 |
---------------+----------+-----
Spellcasting   | 2 |  2.7
Fighting       | 2 |  2.5
Dodging        | 3 |  3.4
Unarmed Combat | |  3.0

Action                   |  1- 3 |  4- 6 || total
-------------------------+-------+-------++-------
Melee: Unarmed           |   110 |    12 ||   122
       Headbutt          |     6 |       ||     6
 Cast: Beastly Appendage |    21 |       ||    21
       Wereblood         |     2 |       ||     2
       Spider Form       |     3 |     1 ||     4
       Apportation       |     1 |       ||     1
 Abil: End Transformatio |     1 |       ||     1
  Use: Potion            |     2 |       ||     2
Armor: Robe              |    27 |       ||    27
       Skin              |     2 |       ||     2
Dodge: Dodged            |    87 |     5 ||    92

Table legend: (Time is in decaauts)
 A = Elapsed time spent in this place.
 B = Non-inter-level travel time spent in this place.
 C = Inter-level travel time spent in this place.
 D = Time resting spent in this place.
 E = Time spent auto-exploring this place.
 F = Levels seen in this place.
 G = Mean time per level.
                   A        B        C        D        E       F      G
               +--------+--------+--------+--------+--------+-----+--------+
         Total |   2863 |   2855 |      8 |   1592 |    971 |   3 |  954.3 |
       Dungeon |   2863 |   2855 |      8 |   1592 |    971 |   3 |  954.3 |
               +--------+--------+--------+--------+--------+-----+--------+

Top non-repeatable levels by time:
     D:1: 2461 daAuts
     D:2: 342 daAuts
     D:3: 59 daAuts
